 Seeded DCSS version 0.30.1-4-g462c640d31 (webtiles) character file.

Game seed: 6351066067085065685 (custom seed)

0 Esekla the Magician (level 1, 0/10 HPs)
             Began as a Deep Elf Wanderer on Sept 9, 2023.
             Slain by a bat (1 damage)
             ... on level 1 of the Dungeon.
             The game lasted 00:01:54 (194 turns).

Esekla the Magician (Deep Elf Wanderer)              Turns: 194, Time: 00:01:55

Health: 0/10       AC:  2    Str: 11    XL:     1   Next: 8%
Magic:  7/7        EV: 10    Int: 17    God:
Gold:   0          SH:  3    Dex: 11    Spells: 6/8 levels left

rFire   . . .        a - +0 short sword
rCold   . . .        d - +0 buckler
rNeg    . . .        c - +0 robe
rPois   .            (no helmet)
rElec   .            (no cloak)
rCorr   .            (no gloves)
SInv    .            (no boots)
Will    .....        (no amulet)
Stlth   ++           (no ring)
HPRegen 0.21/turn    (no ring)
MPRegen 0.10/turn

%: no passive effects
@: no status effects
A: no striking features
a: no special abilities


You were on level 1 of the Dungeon.
You visited 1 branch of the dungeon, and saw 1 of its levels.

Inventory:

Hand Weapons
 a - a +0 short sword (weapon)
Armour
 c - a +0 robe (worn)
 d - a +0 buckler (worn)
Scrolls
 g - a scroll of identify {unknown}
Potions
 b - a potion of lignification
 e - a potion of ambrosia {unknown}
 f - a potion of attraction {unknown}
 h - a potion of heal wounds {unknown}


   Skills:
 + Level 1.2 Stealth
 + Level 1.5 Shields
 * Level 4.4 Spellcasting
 + Level 2.1 Translocations
 + Level 1.0 Invocations


You had 6 spell levels left.
You knew the following spells:

 Your Spells              Type           Power      Damage    Failure   Level
a - Magic Dart            Conj           12%        1d3       22%         1
p - Apportation           Tloc           22%        N/A       9%          1

Your spell library contained the following spells:

 Spells                   Type           Power      Damage    Failure   Level
 Blink                    Tloc           22%        N/A       14%         2
 Lesser Beckoning         Tloc           22%        N/A       14%         2
 Ignite Poison            Fire/Tmut/Pois 3%         N/A       54%         3
 Vampiric Draining        Necr           3%         2d6       54%         3


Dungeon Overview and Level Annotations

Branches:
Dungeon (1/15)

Altars:


Message History

The ball python closely misses you. x2; The bat barely misses you.
The frilled lizard closely misses you.
As you read the scroll labelled QOIXKOT YTEE, it crumbles to dust.
You assume a fearsome visage.
The ball python looks frightened! x3
The quokka looks frightened!
The goblin looks frightened!
The bat looks frightened! x2; The frilled lizard looks frightened!
It was a scroll of fear.
Cornered, the bat turns to fight!
The bat hits you.
* * * LOW HITPOINT WARNING * * *
The bat attacks as you move away! You block the bat's attack.
The bat closely misses you.
Found a stone staircase leading down.
The bat closely misses you.
Cornered, the frilled lizard turns to fight!
The bat barely misses you. The bat hits you but does no damage.
You see here a bubbling green potion.
f - a bubbling green potion The bat hits you but does no damage.
The bat hits you. The bat hits you but does no damage.
The bat attacks as you move away! The bat barely misses you.
The bat closely misses you. The bat hits you but does no damage.
Cornered, the ball python turns to fight!
The bat attacks as you move away! The bat hits you.
* * * LOW HITPOINT WARNING * * *
The bat hits you.
* * * LOW HITPOINT WARNING * * *
The ball python barely misses you. The ball python closely misses you.
The bat attacks as you move away! The bat hits you.
* * * LOW HITPOINT WARNING * * *
The bat closely misses you. The ball python closely misses you. x2
There is a stone staircase leading down here.
You block the bat's attack. The bat hits you but does no damage.
The ball python closely misses you. The ball python grabs you.
You stop descending the stairs.
The ball python constricts you.
* * * LOW HITPOINT WARNING * * *
You escape the ball python's grasp.
The ball python barely misses you. The ball python grabs you.
You stop descending the stairs.
The ball python constricts you.
You escape the ball python's grasp.
The bat hits you but does no damage. The bat hits you.
You die...

##......# #....#
....##..########..#
....#............##
......#.##########
###......##
b.#.#.....#########
....#.......#.....#
#...#....##.......#
#S[.....####..b@.#
##..........l..S.#
#.#.....###.....#
#.#....## #######
#......# #.#....#
########


You could see a bat, a ball python and a frilled lizard.

Vanquished Creatures
  A kobold (D:1)
1 creature vanquished.

Notes
Turn   | Place    | Note
-------+----------+-------------------------------------------
     0 | D:1      | Esekla the Deep Elf Wanderer began the quest for the Orb.
     0 | D:1      | Esekla set off with the following items: a +0 club, a
                  | potion of lignification, a +0 robe, a +0 buckler; and the
                  | following spells available to memorise: Apportation, Blink,
                  | Lesser Beckoning, Magic Dart, Ignite Poison, Vampiric
                  | Draining.
     0 | D:1      | Reached XP level 1. HP: 10/10 MP: 7/7
     2 | D:1      | Learned a level 1 spell: Magic Dart
     4 | D:1      | Learned a level 1 spell: Apportation
   194 | D:1      | Slain by a bat

Illustrated notes

Levels and vault maps discovered:
D:1:      sevenhm_arrival_forest_fort_small_3, layout_rooms,
          chequers_serial_rivers_room_b, minmay_misc_feat_five

Action                     || total
---------------------------++-------
   Cast: Magic Dart        ||     3
         Apportation       ||     1
    Use: Scroll            ||     1
 Armour: Robe              ||    10
  Dodge: Dodged            ||    21
  Block: Buckler           ||     4
